 Dungeon Crawl Stone Soup version bcrawl-1.21.2-1-g32d02e0829 (webtiles) character file.

Game seed: 11801457315662556163

215 Foic the Magician (level 5, 38/38 HPs)
             Began as a Gnoll Wizard on Feb 19, 2020.
             Got out of the dungeon alive.
             The game lasted 00:32:58 (4757 turns).

Foic the Magician (Gnoll Wizard)                    Turns: 4757, Time: 00:32:58

Health: 38/38      AC:  4    Str:  8 (9)  XL:     5   Next: 92%
Magic:  14/14      EV: 16    Int: 22      God:
Gold:   162        SH:  0    Dex: 12 (13) Spells: 12/18 levels left

rFire    . . .     SeeInvis .   a - +0 staff
rCold    . . .     Gourm    .   (no shield)
rNeg     . . .     Faith    .   v - +0 leather armour
rPois    .         Spirit   .   C - +0 helmet
rElec    .         Reflect  .   (no cloak)
rCorr    .         Harm     .   (no gloves)
MR       .....                  (no boots)
Stlth    ++........             (no amulet)
HPRegen  0.12/turn              d - +3 ring of evasion
MPRegen  0.14/turn              (no ring)

@: no status effects
A: distributed training, fangs 1, strong nose
a: no special abilities


You escaped.
You were not hungry.

You visited 1 branch of the dungeon, and saw 4 of its levels.

You collected 162 gold pieces.

Inventory:

Hand Weapons
 a - a +0 staff (weapon)
 g - a +1 dagger of chaos
 m - a +0 short sword
 r - a +0 hunting sling
Missiles
 k - 487 stones (quivered)
 w - 97 poisoned needles
 y - 243 sling bullets
 A - 59 needles of confusion
Armour
 c - a +0 hat
 v - a +0 leather armour (worn)
 z - a +0 chain mail
 B - a +2 ring mail of cold resistance
 C - a +0 helmet (worn)
Jewellery
 d - a +3 ring of evasion (left hand)
 j - an uncursed ring of fire
Scrolls
 h - 2 scrolls of remove curse
 l - 3 scrolls of enchant weapon {unknown}
 o - 3 scrolls of noise {unknown}
 q - a scroll of teleportation {unknown}
 s - a scroll of enchant armour {unknown}
 t - 2 scrolls of magic mapping
 u - a scroll of fear {unknown}
 x - a scroll of blinking {unknown}
Potions
 b - a potion of resistance {unknown}
 f - a potion of brilliance
 i - a potion of might {unknown}
 p - a potion of cancellation {unknown}
Comestibles
 e - 2 rations {!d}
 n - 3 chunks of flesh


   Skills:
 + Level 1.6 Fighting
 + Level 1.6 Short Blades
 + Level 1.6 Long Blades
 + Level 1.6 Axes
 + Level 1.6 Maces & Flails
 + Level 1.6 Polearms
 + Level 1.6 Staves
 + Level 1.6 Slings
 + Level 1.6 Bows
 + Level 1.6 Crossbows
 + Level 1.6 Throwing
 + Level 1.6 Armour
 + Level 4.8 Dodging
 + Level 4.8 Stealth
 + Level 1.6 Shields
 + Level 1.6 Unarmed Combat
 + Level 7.3 Spellcasting
 + Level 2.5 Conjurations
 + Level 1.3 Hexes
 + Level 1.3 Charms
 + Level 2.5 Summonings
 + Level 1.3 Necromancy
 + Level 2.5 Translocations
 + Level 1.3 Transmutations
 + Level 1.3 Fire Magic
 + Level 1.3 Ice Magic
 + Level 1.3 Air Magic
 + Level 1.3 Earth Magic
 + Level 1.3 Poison Magic
 + Level 1.9 Invocations
 + Level 1.6 Evocations


You had 12 spell levels left.
You knew the following spells:

 Your Spells              Type           Power        Failure   Level  Hunger
a - Magic Dart            Conj           ###.         4%          1    None
b - Blink                 Tloc           N/A          6%          2    None
c - Call Imp              Summ           ###...       6%          2    None
d - Slow                  Hex            ##......     6%          1    None

Your spell library contained the following spells:

 Spells                   Type           Power        Failure   Level  Hunger
 Apportation              Tloc           ###...       4%          1    None
 Summon Butterflies       Summ           ###.....     4%          1    None
 Infusion                 Chrm           ##......     6%          1    None
 Sandblast                Erth           ##....       6%          1    None
 Conjure Flame            Conj/Fire      ###.....     16%         3    None
 Mephitic Cloud           Conj/Pois/Air  ###.....     17%         3    None
 Spider Form              Tmut/Pois      ##.          19%         3    None


Dungeon Overview and Level Annotations

Branches:
Dungeon (4/12)
 Temple: D:4-7

Altars:
Wu Jian

Annotations:
D:1 1 runed door
D:2 1 runed door


Innate Abilities, Weirdness & Mutations

Your experience applies equally to all skills.
You have very sharp teeth.
Your uncanny sense of smell can sniff out nearby items.


Message History

Done exploring.
Saving game... please wait.
Welcome back, Foic the Gnoll Wizard.
Press ? for a list of commands and other information.
(D) Dungeon
Where to? (? - help)
What level of the Dungeon? (default 1, ? - help)
There is a stone staircase leading up, spattered with blood here.
You climb upwards.
Level annotation: 1 runed door
There is a stone staircase leading down here.
There is a stone staircase leading up here.
You climb upwards.
Level annotation: 1 runed door
There is a stone staircase leading down here.
There is a staircase leading out of the dungeon here.
Are you sure you want to leave the Dungeon?
This will make you lose the game!
Uppercase [Y]es or [N]o only, please.
Are you sure you want to leave the Dungeon?
This will make you lose the game!
You have escaped!

..##...........................#
..#......###############.......#
.........#....h..J.....#.......#
..#......#..w..hhh.J..,#......##
..#......#rJ.JJrh...,,,#.#.....#
..#......#######+#######.#####.#
..##.....#.............#.## #.#
#####....'⌠....###....⌠+..# #.#
##......#......@......#..####.##
##..###..#..⌠...>...⌠..#..÷......
#..## #..###+#######'###..###....
#.## #...................# ###.#
#.# #....########.#.....# #.# ..#
###### #.......# #.. .##
###.....# ### .# #.....# # .#
#.....# #


You could see an ooze (wandering) and a rat.

Vanquished Creatures
  A centaur skeleton (D:4)
  An orc wizard (D:3)
  An adder (D:3)
  2 worms
  A dart slug (D:1)
  A leopard gecko (D:1)
  3 orcs (D:3)
  A ball python (D:1)
  4 giant cockroaches
  7 goblins
  4 hobgoblins
  5 jackals
  10 kobolds
  A quokka (D:1)
  4 bats
  3 frilled lizards
  3 rats (D:1)
52 creatures vanquished.

Vanquished Creatures (collateral kills)
  A hound (D:3)
  Ijyb (D:3)
  2 worker ants (D:3)
  Robin (D:3)
  An adder (D:3)
  A worm (D:3)
  2 dart slugs (D:2)
  2 leopard geckos
  5 orcs
  5 goblins (D:3)
  7 hobgoblins
  4 jackals
  A kobold (D:3)
  A quokka (D:2)
34 creatures vanquished.

Grand Total: 86 creatures vanquished

Notes
Turn   | Place    | Note
-------+----------+-------------------------------------------
     0 | D:1      | Foic the Gnoll Wizard began the quest for the Orb.
     0 | D:1      | Reached XP level 1. HP: 13/13 MP: 8/8
     1 | D:1      | Found a runed door.
   228 | D:1      | Reached XP level 2. HP: 19/19 MP: 8/10
   232 | D:1      | Learned a level 2 spell: Blink
   235 | D:1      | Learned a level 2 spell: Call Imp
   551 | D:1      | Reached XP level 3. HP: 25/25 MP: 8/11
   927 | D:2      | Learned a level 1 spell: Slow
  1137 | D:2      | Found a runed door.
  1189 | D:2      | Found an ornate altar of the Wu Jian Council.
  1239 | D:2      | Reached skill level 1 in Invocations
  1990 | D:3      | Reached skill level 1 in Fighting
  1990 | D:3      | Reached skill level 1 in Short Blades
  1990 | D:3      | Reached skill level 1 in Long Blades
  1990 | D:3      | Reached skill level 1 in Axes
  1990 | D:3      | Reached skill level 1 in Maces & Flails
  1990 | D:3      | Reached skill level 1 in Polearms
  1990 | D:3      | Reached skill level 1 in Staves
  1990 | D:3      | Reached skill level 1 in Slings
  1990 | D:3      | Reached skill level 1 in Bows
  1990 | D:3      | Reached skill level 1 in Crossbows
  1990 | D:3      | Reached skill level 1 in Throwing
  1990 | D:3      | Reached skill level 1 in Armour
  1990 | D:3      | Reached skill level 1 in Shields
  1990 | D:3      | Reached skill level 1 in Unarmed Combat
  1990 | D:3      | Reached skill level 1 in Evocations
  2116 | D:2      | Reached XP level 4. HP: 24/32 MP: 4/13
  2486 | D:3      | Noticed Ijyb
  2976 | D:3      | Killed Ijyb
  3378 | D:3      | Reached skill level 1 in Hexes
  3378 | D:3      | Reached skill level 1 in Charms
  3378 | D:3      | Reached skill level 1 in Necromancy
  3378 | D:3      | Reached skill level 1 in Transmutations
  3378 | D:3      | Reached skill level 1 in Fire Magic
  3378 | D:3      | Reached skill level 1 in Ice Magic
  3378 | D:3      | Reached skill level 1 in Air Magic
  3378 | D:3      | Reached skill level 1 in Earth Magic
  3378 | D:3      | Reached skill level 1 in Poison Magic
  3483 | D:3      | Noticed Robin
  3570 | D:3      | Killed Robin
  3570 | D:3      | Reached XP level 5. HP: 34/37 MP: 5/14
  4757 | D:$      | Got out of the dungeon alive.

Skill      XL: |  1  2  3  4 |
---------------+-------------+-----
Conjurations   | 2 |  2.5
Summonings     | 2 |  2.5
Translocations | 2 |  2.5
Invocations    | 1 |  1.9
Fighting       | 1 |  1.6
Short Blades   | 1 |  1.6
Long Blades    | 1 |  1.6
Axes           | 1 |  1.6
Maces & Flails | 1 |  1.6
Polearms       | 1 |  1.6
Staves         | 1 |  1.6
Slings         | 1 |  1.6
Bows           | 1 |  1.6
Crossbows      | 1 |  1.6
Throwing       | 1 |  1.6
Armour         | 1 |  1.6
Shields        | 1 |  1.6
Unarmed Combat | 1 |  1.6
Evocations     | 1 |  1.6
Hexes          | 1 |  1.3
Charms         | 1 |  1.3
Necromancy     | 1 |  1.3
Transmutations | 1 |  1.3
Fire Magic     | 1 |  1.3
Ice Magic      | 1 |  1.3
Air Magic      | 1 |  1.3
Earth Magic    | 1 |  1.3
Poison Magic   | 1 |  1.3
Dodging        | |  4.8
Stealth        | |  4.8
Spellcasting   | |  7.3

Action                   |  1- 3 |  4- 6 || total
-------------------------+-------+-------++-------
Melee: Staff             |     4 |    44 ||    48
       Unarmed           |       |     2 ||     2
       Bite              |       |     2 ||     2
Throw: Stone             |     1 |    24 ||    25
 Cast: Magic Dart        |    82 |    33 ||   115
       Call Imp          |    17 |    61 ||    78
       Blink             |     4 |     5 ||     9
       Slow              |       |     4 ||     4
  Use: Scroll            |     3 |     2 ||     5
       Potion            |       |     1 ||     1
 Stab: Distracted        |     1 |       ||     1
  Eat: Chunk             |     3 |     5 ||     8
       Ration            |       |     1 ||     1
Armor: Robe              |     3 |       ||     3
       Skin              |       |    10 ||    10
       Leather armour    |       |    18 ||    18
Dodge: Dodged            |    32 |    72 ||   104
